 Dungeon Crawl Stone Soup version 0.29-a0-923-g6e406bff71 (webtiles) character file.

Game seed: 10128471499443880366

66 2tc the Poker (level 4, 0/33 HPs)
             Began as a Merfolk Gladiator on July 28, 2022.
             Was a Believer of Sif Muna.
             Succumbed to Sigmund's poison
             ... on level 2 of the Dungeon.
             The game lasted 00:05:16 (2130 turns).

2tc the Poker (Merfolk Gladiator)                   Turns: 2130, Time: 00:05:16

Health: 0/33       AC:  5    Str: 14    XL:     4   Next: 15%
Magic:  4/4        EV: 13    Int:  9    God:    Sif Muna [**....]
Gold:   82         SH:  0    Dex: 15    Spells: 3/3 levels left

rFire   . . .      SeeInvis .   l - +0 spear
rCold   . . .      Faith    .   (no shield)
rNeg    . . .      Spirit   .   b - +0 leather armour
rPois   .          Reflect  .   c - +1 helmet
rElec   .          Harm     .   (no cloak)
rCorr   .          Rampage  .   (no gloves)
Will    .....                   (no boots)
Stlth   +.........              (no amulet)
HPRegen 0.11/turn               (no ring)
MPRegen 0.09/turn               (no ring)

@: confused, lethally poisoned (0 -> -4)
A: (nimble swimmer 2), mertail
a: Renounce Religion, Channel Magic


You were on level 2 of the Dungeon.
You worshipped Sif Muna.
Sif Muna was pleased with you.
You visited 1 branch of the dungeon, and saw 3 of its levels.

You collected 82 gold pieces.

Inventory:

Hand Weapons
 a - a +0 trident
 l - a +0 spear (weapon)
Missiles
 d - 3 throwing nets (quivered)
 e - a javelin
 k - 9 poisoned darts
Armour
 b - a +0 leather armour (worn)
 c - a +1 helmet (worn)
Scrolls
 g - 2 scrolls of enchant armour
Potions
 f - a potion of berserk rage {unknown}
 h - 3 potions of heal wounds {unknown}
 i - a potion of mutation {unknown}
 j - a potion of curing {unknown}
 m - a potion of haste {unknown}
 n - a potion of cancellation {unknown}


   Skills:
 - Level 2.1 Fighting
 * Level 6.5 Polearms
 - Level 2.0 Throwing
 - Level 4.0 Dodging


You had 3 spell levels left.
You didn't know any spells.
Your spell library was empty.

Dungeon Overview and Level Annotations

Branches:
Dungeon (3/15)

Altars:
Fedhas
Hepliaklqana
Sif Muna
Vehumet
The Shining One

Shops:
D:3 [

Annotations:
D:3 Sigmund


Innate Abilities, Weirdness & Mutations

((You are very nimble when in or above water. (Stealth+, EV+, Speed+++)))
Your lower body shifts to a powerful aquatic tail in water.


Message History

Aim: a bat (inner flame, about 47% to evade your +0 spear)
You reach to attack!
You miss the bat. The bat barely misses you.
Sigmund zaps a wand.
The puff of flame misses you.
The kobold throws a stone.
The stone closely misses you.
You closely miss the bat. The bat hits you.
Sigmund hits you from afar with a +2 scythe of venom!
You are poisoned.
You closely miss the bat.
You feel very sick. The bat closely misses you. The kobold closely misses you.
Okay, then.
You feel very sick. The bat closely misses you.
The kobold hits you with a +0 dagger. The bat hits you but does no damage.
Found 9 gold pieces.
You feel very sick. The bat barely misses you.
You feel sick. The bat hits you but does no damage.
Sigmund screams, "Don't try to resist!"
Sigmund casts a spell at you.
You are confused.
The kobold hits you but does no damage.
The kobold throws a stone.
The stone barely misses you. The kobold attacks as you move away!
The kobold barely misses you. The bat attacks as you move away!
The bat hits you but does no damage.
* * * LOW HITPOINT WARNING * * *
You feel sick. The bat misses you.
Sigmund points at you and mumbles some strange words.
The puff of flame hits you.
* * * LOW HITPOINT WARNING * * *
* * * LOW HITPOINT WARNING * * *
You feel sick. The bat barely misses you.
The kobold throws a stone.
The stone hits you but does no damage.
There is a stone staircase leading up here.
* * * LOW HITPOINT WARNING * * *
You feel sick. The bat hits you.
* * * LOW HITPOINT WARNING * * *
The kobold closely misses you.
You climb upwards.
You die...

##################
...............K@#
################.##
#........#
##########........#
.......#..........#
.......#..........#
.......+.....###+##
.......#.....# #.#
.......#.....# #.#


You could see a kobold (inner flame).

Vanquished Creatures
  2 adders (D:2)
  4 orcs (D:3)
  2 ball pythons (D:2)
  An endoplasm (D:2)
  6 goblins
  4 hobgoblins
  5 jackals (D:1)
  4 kobolds
  A quokka (D:3)
  4 bats
  4 frilled lizards
  3 rats
40 creatures vanquished.

Notes
Turn   | Place    | Note
-------+----------+-------------------------------------------
     0 | D:1      | 2tc the Merfolk Gladiator began the quest for the Orb.
     0 | D:1      | Reached XP level 1. HP: 16/16 MP: 1/1
   164 | D:1      | Reached XP level 2. HP: 18/22 MP: 2/2
   275 | D:1      | Found a faded altar of an unknown god.
   281 | D:1      | Prayed at the altar of an unknown god.
   281 | D:1      | Became a worshipper of Sif Muna the Loreminder
   281 | D:1      | Reached * piety under Sif Muna
   297 | D:1      | Reached skill level 5 in Polearms
  1028 | D:2      | Reached XP level 3. HP: 26/27 MP: 3/3
  1196 | D:2      | Reached skill level 6 in Polearms
  1858 | D:3      | Found a glowing golden altar of the Shining One.
  1874 | D:3      | Reached ** piety under Sif Muna
  1875 | D:3      | Reached XP level 4. HP: 30/33 MP: 4/4
  2004 | D:3      | Found a hazy altar of Hepliaklqana.
  2008 | D:3      | Found a radiant altar of Vehumet.
  2012 | D:3      | Found a blossoming altar of Fedhas.
  2026 | D:3      | Found Fiej's Armour Shoppe.
  2116 | D:3      | Noticed Sigmund
  2130 | D:2      | Succumbed to Sigmund's poison

Illustrated notes

Levels and vault maps discovered:
D:1:      nicolae_arrival_washed_ashore, layout_loops_cross,
          hellmonk_ecumenical_altar_crossroads
D:2:      layout_basic
D:3:      layout_basic, mainiacjoe_overflow_catwalk,
          grunt_temple_overflow_diamond, gup_sewer_entry_glass, serial_shops,
          shop, uniq_sigmund

Skill      XL: |  1  2  3 |
---------------+----------+-----
Polearms       | 5 6 |  6.5
Fighting       | |  2.1
Throwing       | |  2.0
Dodging        | |  4.0

Action                   |  1- 3 |  4- 6 || total
-------------------------+-------+-------++-------
Melee: Trident           |   107 |       ||   107
       Punch             |     3 |     1 ||     4
       Spear             |    26 |    29 ||    55
  Use: Scroll            |     2 |     2 ||     4
 Stab: Sleeping          |     1 |       ||     1
Armor: Leather armour    |    38 |    12 ||    50
Dodge: Dodged            |    94 |    25 ||   119

Table legend: (Time is in decaauts)
 A = Elapsed time spent in this place.
 B = Non-inter-level travel time spent in this place.
 C = Inter-level travel time spent in this place.
 D = Time resting spent in this place.
 E = Time spent auto-exploring this place.
 F = Levels seen in this place.
 G = Mean time per level.
                   A        B        C        D        E       F      G
               +--------+--------+--------+--------+--------+-----+--------+
         Total |   2121 |   2033 |     88 |      0 |   1704 |   3 |  707.0 |
       Dungeon |   2121 |   2033 |     88 |      0 |   1704 |   3 |  707.0 |
               +--------+--------+--------+--------+--------+-----+--------+

Top non-repeatable levels by time:
     D:1: 993 daAuts
     D:2: 789 daAuts
     D:3: 338 daAuts
